 Dungeon Crawl Stone Soup version 0.31.0-12-g77e489cdc1 (webtiles) character file.

Game seed: 14380596742662572020

1386 dirge the Chopper (level 8, -1/51 (70) HPs)
             Began as a Minotaur Fighter on Feb 27, 2024.
             Slain by Derpydoo's ghost (11 damage)
             ... on level 6 of the Dungeon.
             The game lasted 00:11:23 (5085 turns).

dirge the Chopper (Minotaur Fighter)                Turns: 5085, Time: 00:11:24

HP:   -1/51 (70)    AC: 14    Str: 23    XL:     8   Next: 40%
MP:   7/7           EV:  9    Int:  5    God:
Gold: 170           SH:  0    Dex: 10    Spells: 7/7 levels left

rFire   x . .        z - +3 dire flail (holy)
rCold   + + .        (shield currently unavailable)
rNeg    . . .        b - +0 ice dragon scales
rPois   .            (helmet restricted)
rElec   .            (no cloak)
rCorr   .            (no gloves)
SInv    .            g - +2 pair of boots
Will    .....        (no amulet) Stlth
                     (no ring)
HPRegen 0.28/turn    (no ring)
MPRegen 0.10/turn

%: no passive effects
@: very heavily drained
A: horns 2, retaliatory headbutt
a: no special abilities


You were on level 6 of the Dungeon.
You visited 2 branches of the dungeon, and saw 7 of its levels.

You collected 250 gold pieces.
You spent 80 gold pieces at shops.

Inventory:

Hand Weapons
 a - a +0 war axe
 z - a +3 dire flail of holy wrath (weapon)
Missiles
 s - 3 javelins (quivered)
 A - 4 poisoned darts
Armour
 b - +0 ice dragon scales (worn)
 c - a +0 buckler
 g - a +2 pair of boots (worn)
 C - a +4 ring mail of willpower
 E - the +4 skin of Zhor {*Englaciate rC+++ SInv}
   (You found it on level 6 of the Dungeon)

   *Englaciate: It radiates cold, occasionally slowing all nearby creatures who
   are not resistant to cold.
   rC+++:     It renders you almost immune to cold.
   SInv:      It lets you see invisible.
Wands
 B - a wand of flame (12)
Scrolls
 h - 2 scrolls of torment {unknown}
 j - a scroll of teleportation {unknown}
 m - a scroll of vulnerability {unknown}
 n - a scroll of poison {unknown}
 o - 8 scrolls of identify {unknown}
 q - 3 scrolls of noise {unknown}
 u - 3 scrolls of silence {unknown}
 v - a scroll of revelation {unknown}
 x - 3 scrolls of enchant armour {unknown}
 y - a scroll of brand weapon {unknown}
Potions
 d - a potion of might
 e - 4 potions of curing
 f - a potion of mutation {unknown}
 i - a potion of degeneration {unknown}
 k - a potion of invisibility {unknown}
 p - a potion of magic {unknown}
 r - a potion of haste {unknown}
 t - a potion of cancellation {unknown}
 w - 2 potions of attraction {unknown}
 D - a potion of brilliance {unknown}
 F - a potion of lignification {unknown}


   Skills:
 + Level 6.3 Fighting
 * Level 7.9 Axes
 + Level 3.1 Throwing
 + Level 6.3 Armour
 + Level 6.2 Shields


You had 7 spell levels left.
You didn't know any spells.
Your spell library contained the following spells:

 Spells                   Type           Power      Damage    Failure   Level
 Apportation              Tloc           0%         N/A       83%         1
 Shock                    Conj/Air       0%         1d3       83%         1
 Lesser Beckoning         Tloc           0%         N/A       92%         2
 Swiftness                Air            0%         N/A       99%         3
 Teleport Other           Tloc           0%         N/A       99%         3
 Airstrike                Air            0%         2d(0-16)  100%        4
 Manifold Assault         Tloc           0%         N/A       100%        4
 Vhi's Electric Charge    Tloc/Air       0%         N/A       100%        4


Dungeon Overview and Level Annotations

Branches:
Dungeon (6/15)             Temple (1/1) D:5

Altars:
Ashenzari
Cheibriados
Elyvilon
Hepliaklqana
Kikubaaqudgha
Nemelex Xobeh
Sif Muna
Trog
Vehumet
Wu Jian
Xom
Yredelemnul
The Shining One

Shops:
D:1 !([(

Annotations:
D:5 3 runed translucent doors, RuleofThrees's ghost, amateur DrHu
D:6 Derpydoo's ghost, novice HOFi


Innate Abilities, Weirdness & Mutations

You have a pair of horns on your head.
You reflexively headbutt those who attack you in melee.


Message History

Derpydoo's ghost is moderately damaged.
Derpydoo's ghost hits you but does no damage.
You feel drained.
You closely miss Derpydoo's ghost. You headbutt Derpydoo's ghost!
Derpydoo's ghost is moderately damaged.
Derpydoo's ghost hits you but does no damage.
You feel drained.
You closely miss Derpydoo's ghost. You headbutt Derpydoo's ghost.
Derpydoo's ghost is moderately damaged.
Derpydoo's ghost hits you but does no damage.
You feel drained.
You hit Derpydoo's ghost.
Derpydoo's ghost convulses!
Your headbutt misses Derpydoo's ghost.
Derpydoo's ghost is heavily damaged.
Derpydoo's ghost misses you.
You closely miss Derpydoo's ghost.
Derpydoo's ghost is heavily damaged.
Derpydoo's ghost hits you!
You feel drained.
You closely miss Derpydoo's ghost.
You headbutt Derpydoo's ghost, but do no damage.
Derpydoo's ghost is heavily damaged.
Derpydoo's ghost misses you.
You hit Derpydoo's ghost but do no damage.
Derpydoo's ghost is heavily damaged.
Derpydoo's ghost hits you!
* * * LOW HITPOINT WARNING * * *
You feel drained.
* * * LOW HITPOINT WARNING * * *
You feel much better. Derpydoo's ghost hits you.
You feel drained.
You hit Derpydoo's ghost but do no damage.
Derpydoo's ghost is heavily damaged.
Derpydoo's ghost hits you!
* * * LOW HITPOINT WARNING * * *
You feel drained.
* * * LOW HITPOINT WARNING * * *
You barely miss Derpydoo's ghost.
Derpydoo's ghost is heavily damaged.
Derpydoo's ghost screams, "Very impressive.
But it won't help.
Nothing will."
Derpydoo's ghost hits you!
You die...

.........>...
..........#.# #
.########.###. .. #.#
##.#.# #.. #.# ###..##
#?.. ###.#### #......
#..###.....<......#.##
##........# ####..#.##
#.....@...#######..#..#
#....#W#...........#..#
#...##.##...#>###.....#
#...##...##.............
#..##.....##..#.........
...#⌠.?♣!.⌠#..#.##......
...##..!..##..#.##......
....##...##...#.##......
...##⌠##..............


You could see Derpydoo's ghost.

Vanquished Creatures
  Sigmund (D:2)
  Eustachio (D:5)
  Edmund (D:4)
  Duvessa (D:5)
  2 ogres
  A centaur (D:5)
  A weeping skull (D:5)
  3 hounds
  2 jellies
  A bombardier beetle (D:3)
  An orc priest (D:5)
  Ijyb (D:5)
  An iguana (D:6)
  Natasha (D:2)
  2 orc wizards (D:5)
  3 adders
  2 ufetubi (D:6)
  3 dart slugs
  4 ribbon worms
  8 orcs
  9 endoplasms
  4 giant cockroaches
  8 hobgoblins
  2 jackals (D:4)
  5 quokkas
  8 ball pythons
  5 bats
  4 frilled lizards (D:1)
  11 goblins
  6 kobolds
  11 rats
  A spectral orc (D:5)
114 creatures vanquished.

Vanquished Creatures (others)
  Dowan (D:5)
1 creature vanquished.

Grand Total: 115 creatures vanquished

Notes
Turn   | Place    | Note
-------+----------+-------------------------------------------
     0 | D:1      | dirge the Minotaur Fighter began the quest for the Orb.
     0 | D:1      | Reached XP level 1. HP: 19/19 MP: 0/0
    67 | D:1      | Found Juppah's Armour Shop.
    72 | D:1      | Reached XP level 2. HP: 16/27 MP: 1/1
   179 | D:1      | Found Jyosiol's Weapon Shop.
   305 | D:1      | Reached skill level 3 in Axes
   333 | D:1      | Found Geoppasu's Weapon Shoppe.
   430 | D:1      | Found a faded altar of an unknown god.
   609 | D:1      | Reached XP level 3. HP: 30/33 MP: 2/2
   640 | D:1      | Found Tozegi's Distillery.
   644 | D:1      | Bought a potion of curing for 30 gold pieces
   644 | D:1      | Bought a potion of heal wounds for 50 gold pieces
  1013 | D:2      | Noticed Sigmund
  1018 | D:2      | Killed Sigmund
  1019 | D:2      | Reached skill level 4 in Axes
  1019 | D:2      | Reached XP level 4. HP: 40/41 MP: 3/3
  1019 | D:2      | Reached XP level 5. HP: 46/47 MP: 4/4
  1581 | D:2      | Noticed Natasha
  1585 | D:2      | Killed Natasha
  1586 | D:2      | Reached skill level 5 in Axes
  1900 | D:3      | Noticed an ogre
  1901 | D:3      | Reached XP level 6. HP: 55/55 MP: 5/5
  1903 | D:3      | Reached skill level 5 in Fighting
  1903 | D:3      | Reached skill level 5 in Armour
  1903 | D:3      | Reached skill level 5 in Shields
  2102 | D:3      | Reached skill level 1 in Throwing
  2473 | D:3      | Found a snail-covered altar of Cheibriados.
  2685 | D:3      | Found a white marble altar of Elyvilon.
  3036 | D:4      | Reached skill level 6 in Axes
  3036 | D:4      | Reached XP level 7. HP: 43/61 MP: 6/6
  3045 | D:4      | Noticed Edmund
  3064 | D:4      | Killed Edmund
  3524 | D:5      | Entered Level 5 of the Dungeon
  3758 | D:5      | Found a runed translucent gate.
  3758 | D:5      | Noticed RuleofThrees's ghost (amateur DrHu)
  3759 | D:5      | Found a runed translucent gate.
  3760 | D:5      | Found a runed translucent gate.
  3866 | D:5      | Found a staircase to the Ecumenical Temple.
  3886 | Temple   | Entered the Ecumenical Temple
  3902 | D:5      | Reached skill level 7 in Axes
  3932 | D:5      | Got the Exposition on the Voyage
  3951 | D:5      | Found an ancient bone altar of Kikubaaqudgha.
  4058 | D:5      | Found a shimmering altar of Xom.
  4059 | D:5      | Found a shimmering altar of Xom.
  4059 | D:5      | Found a shimmering altar of Xom.
  4060 | D:5      | Found a shimmering altar of Xom.
  4091 | D:5      | Noticed Dowan
  4093 | D:5      | Noticed Duvessa
  4103 | D:5      | Noticed Ijyb
  4110 | D:5      | Killed Dowan
  4111 | D:5      | Killed Duvessa
  4112 | D:5      | Reached XP level 8. HP: 24/70 MP: 7/7
  4122 | D:5      | Killed Ijyb
  4331 | D:5      | Found a shimmering altar of Xom.
  4370 | D:5      | Found a basalt altar of Yredelemnul.
  4620 | D:5      | Noticed Eustachio
  4632 | D:5      | Killed Eustachio
  4652 | D:5      | Found a shimmering blue altar of Sif Muna.
  4939 | D:6      | Found the +4 skin of Zhor {*Englaciate rC+++ SInv}
  5052 | D:6      | Noticed Derpydoo's ghost (novice HOFi)
  5055 | D:6      | Found a runed translucent door.
  5085 | D:6      | Slain by Derpydoo's ghost

Illustrated notes

Levels and vault maps discovered:
D:1:      dpeg_arrival_ratfight, layout_loops_ring, serial_shops,
          nicolae_shop_bloodbath_and_beyond, nicolae_square_shop, shop, shop,
          dilly_ecumenical_altar_fadedgnrine, minivault_23, minmay_tromino_v7
D:2:      layout_basic, minmay_3d_cube, uniq_sigmund, uniq_natasha
D:3:      mumra_celtic_spiral_tile, layout_basic, mainiacjoe_overflow_alcove_4,
          mainiacjoe_overflow_six_doors_small, kennysheep_flooded_box,
          minmay_misc_feat_tiny, minmay_hedge_maze
D:4:      layout_rooms, uniq_edmund
D:5:      layout_basic, yredelemnul_forgotten_temple_becter, xom_redecorated,
          led_sif_book, lemuel_round_altar, minmay_temple_entry_arrows,
          biasface_ghost_orc_armoury, nicolae_wormholes, uniq_duvessa,
          uniq_eustachio, uniq_ijyb
D:6:      layout_loops_ring, zin_purify, mainiacjoe_overflow_paths,
          hellmonk_ghost_happy_afterlife, uniq_maggie
Temple:   nicolae_temple_great_sept

Skill      XL: |  1  2  3  4  5  6  7  8 |
---------------+-------------------------+-----
Axes           | 3 4 5 6 7 |  7.9
Armour         | 4 5 6 |  6.3
Shields        | 4 5 6 |  6.2
Fighting       | 4 5 6 |  6.3
Throwing       | 1 2 3 |  3.1

Action                     |  1- 3 |  4- 6 |  7- 9 || total
---------------------------+-------+-------+-------++-------
  Melee: War axe           |    63 |    98 |   131 ||   292
         Headbutt          |     8 |    19 |    19 ||    46
         Dire flail        |       |       |    13 ||    13
  Throw: Javelin           |       |     2 |     1 ||     3
    Use: Potion            |       |       |     1 ||     1
 Armour: Scale mail        |    41 |    49 |   111 ||   201
         Ice dragon scales |       |       |    36 ||    36
         Ring mail         |       |       |     4 ||     4
  Dodge: Dodged            |    45 |    32 |    60 ||   137
  Block: Buckler           |    18 |    15 |    26 ||    59
